cohdb
Replays
Latest Replays
All Replays
Popular Replays
Top Player Replays
Match Explorer
How It Works
Community
CoH3 Stats
Reddit
Sign in to upload your games and track your stats! →
Sign in with Steam
Match 41981376
Unlisted
Match 41981376
Overview
Messages
Build Orders
End
Scout Squad
Construct Barracks
Riflemen Squad
Riflemen Squad
Selects Advanced Infantry Battlegroup
Construct Medical Station
Riflemen Squad
Grenade Package
Riflemen Squad
Air Support Center
Construct Motor Pool
P-47 Strafing Run
P-47 Dive Bomb
ArcherElven
Nubbl0r
0
0
Comments
sign in to comment!
No comments posted yet!